 Dungeon Crawl Stone Soup version 0.20-a0-622-g01f5896 (webtiles) character file.

2097 Colliwobble the Basher (level 9, -8/52 HPs)
             Began as a Gargoyle Fighter on Feb 10, 2017.
             Was an Initiate of Gozag.
             Killed by divine providence
             ... invoked by an orc priest
              (12 damage)
             ... on level 6 of the Dungeon.
             The game lasted 00:15:07 (5878 turns).

Colliwobble the Basher (Gargoyle Fighter)           Turns: 5878, Time: 00:15:08

Health: -8/52      AC: 14    Str: 28    XL:     9   Next: 28%
Magic:  9/9        EV:  6    Int:  9    God:    Gozag
Gold:   1112       SH: 10    Dex:  9    Spells: 8/8 levels left

rFire    . . .     SeeInvis .   a - +0 flail
rCold    . . .     Gourm    .   k - +0 chain mail
rNeg     + . .     Faith    .   c - +0 shield
rPois    ∞         Spirit   .   (no helmet)
rElec    +         Reflect  .   (no cloak)
rCorr    .         Harm     .   (no gloves)
MR       .....                  (no boots)
Stlth    ..........             (no amulet)
Regen    0.2/turn               (no ring)
                                w - +5 ring of strength

@: no status effects
A: negative energy resistance 1, electricity resistance, unbreathing,
petrification resistance, rot immunity, AC +5
a: Potion Petition, Call Merchant, Bribe Branch, Renounce Religion


You were on level 6 of the Dungeon.
You worshipped Gozag.
Gozag was most pleased with you.
You were not hungry.

You visited 2 branches of the dungeon, and saw 7 of its levels.
You also visited: Sewer.

You collected 1159 gold pieces.
You paid 47 gold pieces to Gozag.

Inventory:

Hand Weapons
 a - a +0 flail (weapon)
Missiles
 g - 175 stones (quivered)
Armour
 c - a +0 shield (worn)
 k - a +0 chain mail (worn)
Jewellery
 w - a +5 ring of strength (left hand)
 y - an uncursed ring of fire
Scrolls
 b - 2 scrolls of identify
 e - 2 scrolls of remove curse
 h - a scroll of random uselessness
 j - a scroll of enchant armour {unknown}
 m - a scroll of blinking
 p - a scroll of recharging {unknown}
 r - 4 scrolls of teleportation
 u - 2 scrolls of magic mapping
Potions
 d - 2 potions of lignification
 i - 2 potions of haste {unknown}
 o - 2 potions of degeneration {unknown}
 q - 4 potions of flight {unknown}
 s - 6 potions of curing {unknown}
 t - 2 potions of brilliance {unknown}
Comestibles
 f - 4 bread rations
 l - a meat ration
 v - a royal jelly


   Skills:
 + Level 4.7 Fighting
 - Level 11.5 Maces & Flails
 - Level 3.2 Armour
 - Level 3.2 Shields


You had 8 spell levels left.
You didn't know any spells.

Dungeon Overview and Level Annotations

Branches:
Dungeon (6/15)             Temple (1/1) D:6

Altars:
Ashenzari
Cheibriados
Dithmenos
Elyvilon
Fedhas
Gozag
Kikubaaqudgha
Makhleb
Nemelex Xobeh
Okawaru
Qazlal
Ru
Trog
Uskayaw
Vehumet
Xom
Yredelemnul
Zin
The Shining One


Innate Abilities, Weirdness & Mutations

You are resistant to torment.
Your stone body is resilient. (AC +5)
You are immune to poison.
You resist negative energy. (rN+)
You are resistant to electric shocks. (rElec)
You can survive without breathing.
You are immune to petrification.
You are immune to rotting.


Message History

Beogh smites you!
The orc priest invokes the aid of Beogh against you.
Beogh smites you!
* * * LOW HITPOINT WARNING * * *
An orc comes into view. It is wielding a whip.
The orc shouts!
You block the orc's attack. The orc barely misses you.
The orc priest looks encouraged for a moment.
The orc hits you but does no damage.
The orc priest looks braver for a moment.
The orc priest mumbles some strange prayers to Beogh against you.
Beogh smites you!
* * * LOW HITPOINT WARNING * * *
The orc priest calls down the wrath of Beogh upon you.
You are unaffected.
The orc priest calls down the wrath of Beogh upon you.
Beogh smites you!
You die...
Your body crumbles into a pile of gold.

##..........##...o.......
#)..:........###o#..#.o..
#.#.8.#......# #.#..#....
#............# #.#......#
##8.>.8......###.#.......
#......#......o.#.####.#
#####.8.#.......o..#.#
#.#
+...............o..#..
#.#
###<......@oo......###
#.# ###.#............#
).# ...##...........# ..#
....++...........# ..#
....##...........# ...#
...#####.##+##### .# #.#
#..


You could see 2 orc priests and 3 orcs.

Vanquished Creatures
  A two-headed ogre (D:5)
  Sigmund (D:3)
  A sky beast (D:5)
  2 ogres (D:5)
  2 bullfrogs (Sewer)
  2 scorpions
  2 vampire bats (D:3)
  2 crimson imps
  A hound (D:5)
  A jelly (D:6)
  A centaur zombie (D:5)
  6 orc wizards
  An iguana (D:6)
  2 worker ants
  Terence (D:3)
  A killer bee zombie (D:6)
  3 gnolls (D:3)
  12 adders
  5 oozes (Sewer)
  An adder zombie (D:5)
  An adder skeleton (D:6)
  4 dart slugs
  9 leopard geckos
  8 orcs
  3 bat skeletons (D:3)
  3 bat zombies (D:3)
  16 giant cockroaches
  7 goblins
  7 hobgoblins
  7 jackals
  8 kobolds
  7 quokkas
  11 ball pythons (Sewer)
  7 bats
  14 frilled lizards
  A quokka skeleton (D:3)
  5 rats
166 creatures vanquished.

Notes
Turn   | Place    | Note
-------+----------+-------------------------------------------
     0 | D:1      | Colliwobble the Gargoyle Fighter began the quest for the Orb.
     0 | D:1      | Reached XP level 1. HP: 14/14 MP: 1/1
   182 | D:1      | Reached XP level 2. HP: 18/19 MP: 2/2
   407 | D:1      | Reached skill level 3 in Maces & Flails
   535 | D:1      | Reached XP level 3. HP: 23/23 MP: 3/3
  1013 | D:2      | Reached skill level 4 in Maces & Flails
  1178 | D:2      | Found an opulent altar of Gozag.
  1203 | D:2      | Became a worshipper of Gozag Ym Sagoz the Greedy
  1232 | D:2      | Reached XP level 4. HP: 28/28 MP: 4/4
  1351 | D:2      | Found a white marble altar of Elyvilon.
  1457 | D:2      | Found a shimmering altar of Xom.
  1459 | D:2      | Found a sparkling altar of Nemelex Xobeh.
  1459 | D:2      | Found a stormy altar of Qazlal.
  1461 | D:2      | Found a shadowy altar of Dithmenos.
  1461 | D:2      | Found an ancient bone altar of Kikubaaqudgha.
  1461 | D:2      | Found a blossoming altar of Fedhas.
  1623 | D:3      | Noticed Terence
  1641 | D:3      | Killed Terence
  1744 | D:3      | Found a faded altar of an unknown god.
  1801 | D:3      | Reached skill level 5 in Maces & Flails
  1801 | D:3      | Reached XP level 5. HP: 28/32 MP: 5/5
  2049 | D:3      | Reached skill level 6 in Maces & Flails
  2049 | D:3      | Reached XP level 6. HP: 37/37 MP: 6/6
  2229 | D:3      | Noticed Sigmund
  2241 | D:3      | Killed Sigmund
  2241 | D:3      | Reached skill level 7 in Maces & Flails
  2442 | D:3      | Found an iron altar of Okawaru.
  2484 | D:3      | Found an ancient bone altar of Kikubaaqudgha.
  2486 | D:3      | Reached XP level 7. HP: 40/41 MP: 7/7
  2725 | D:4      | Found a glowing drain.
  2818 | Sewer    | Entered a sewer
  3143 | Sewer    | Reached skill level 8 in Maces & Flails
  3805 | D:4      | Reached skill level 9 in Maces & Flails
  3805 | D:4      | Reached XP level 8. HP: 42/46 MP: 8/8
  4442 | D:5      | Entered Level 5 of the Dungeon
  5090 | D:5      | Found a white marble altar of Elyvilon.
  5133 | D:5      | Reached skill level 10 in Maces & Flails
  5223 | D:5      | Noticed a two-headed ogre
  5236 | D:5      | Killed a two-headed ogre
  5236 | D:5      | Reached skill level 11 in Maces & Flails
  5236 | D:5      | Reached XP level 9. HP: 39/51 MP: 9/9
  5686 | D:6      | Found a staircase to the Ecumenical Temple.
  5730 | Temple   | Entered the Ecumenical Temple
  5878 | D:6      | Killed from afar by an orc priest

Vault maps used:
D:1:      minmay_arrival_stone_box, serial_forest, infiniplex_forest_corner_2,
          infiniplex_forest_lined_2, infiniplex_forest_lined_2,
          infiniplex_forest_corner_1, infiniplex_forest_lined_room_,
          minmay_tromino_v2
D:2:      nicolae_gozag_seed_capital, doesnt_xom_only_xom, marbit_many_paths,
          hangedman_decor_opposing, serial_park_tiny_pond
D:3:      kennysheep_vampire_church, chequers_ecumenical_altar_lobes,
          first_bread, okawaru_metal_pillars_3, uniq_sigmund, uniq_terence
D:4:      gup_sewer_entry_glass, nicolae_underground_beach
D:5:      elyvilon_altar_3
D:6:      kennysheep_mini_moat, minmay_temple_entry_statues_pillars,
          serial_shops, shop, uniq_eustachio
Temple:   nicolae_temple_god_jail
Sewer:    sewer_frog_island_02

Skill      XL: |  1  2  3  4  5  6  7  8  9 |
---------------+----------------------------+-----
Maces & Flails | 3 4 5 6 7 9 11 | 11.5
Fighting       | 4 |  4.7
Armour         | |  3.2
Shields        | |  3.2

Action                   |  1- 3 |  4- 6 |  7- 9 || total
-------------------------+-------+-------+-------++-------
Melee: Flail             |   143 |   210 |   466 ||   819
Throw: Stone             |       |       |     9 ||     9
Invok: Potion Petition   |     1 |       |       ||     1
  Use: Potion            |       |     1 |     1 ||     2
       Scroll            |       |       |     7 ||     7
  Eat: Chunk             |     1 |     1 |       ||     2
       Royal jelly       |       |     1 |     1 ||     2
       Bread ration      |       |       |     2 ||     2
       Meat ration       |       |       |     1 ||     1
Armor: Scale mail        |    21 |       |       ||    21
       Chain mail        |    77 |   135 |   327 ||   539
Dodge: Dodged            |    46 |    40 |   102 ||   188
Block: Shield            |    95 |   109 |   255 ||   459
